 Dungeon Crawl Stone Soup version 0.30.0-16-gbe6223bb7e (webtiles) character file.

Game seed: 4186221359638201014

130 SexyEnough the Digger (level 5, -1/30 HPs)
             Began as a Gargoyle Earth Elementalist on May 20, 2023.
             Was an Initiate of Sif Muna.
             Slain by a gnoll
             ... wielding a +0 flail
             ... led by a gnoll bouda
              (2 damage)
             ... on level 3 of the Dungeon.
             The game lasted 00:16:14 (2609 turns).

SexyEnough the Digger (Gargoyle Earth Elementalist) Turns: 2609, Time: 00:16:15

Health: -1/30      AC:  6    Str: 10 (12) XL:     5   Next: 14%
Magic:  7/9        EV: 12    Int: 16 (17) God:    Sif Muna [......]
Gold:   104        SH:  0    Dex:  9 (10) Spells: 8/9 levels left

rFire   . . .        q - staff of cold
rCold   + . .        (no shield)
rNeg    + . .        a - +0 robe
rPois   ∞            (no helmet)
rElec   +            (no cloak)
rCorr   .            (no gloves)
SInv    +            (no boots)
Will    .....        (no amulet)
Stlth   ++           o - ring of see invisible
HPRegen 0.25/turn    (no ring)
MPRegen 0.11/turn

%: no passive effects
@: no status effects
A: sickness immunity, AC +4, negative energy resistance 1, electricity
resistance, torment resistance 1, petrification resistance
a: Renounce Religion


You were on level 3 of the Dungeon.
You worshipped Sif Muna.
Sif Muna was noncommittal.
You visited 1 branch of the dungeon, and saw 4 of its levels.

You collected 104 gold pieces.

Inventory:

Hand Weapons
 d - a +0 whip
Armour
 a - a +0 robe (worn)
Magical Staves
 q - a staff of cold (weapon)
Jewellery
 o - a ring of see invisible (left hand)
Scrolls
 i - 5 scrolls of teleportation {unknown}
 l - 2 scrolls of blinking {unknown}
 p - a scroll of torment {unknown}
 r - a scroll of noise {unknown}
 s - 2 scrolls of identify {unknown}
Potions
 b - a potion of magic
 c - 3 potions of heal wounds {unknown}
 e - a potion of brilliance {unknown}
 f - a potion of invisibility {unknown}
 g - 2 potions of haste {unknown}
 h - a potion of degeneration
 j - a potion of lignification {unknown}
 k - a potion of flight {unknown}
 m - a potion of ambrosia {unknown}
 n - a potion of might {unknown}


   Skills:
 + Level 1.7 Fighting
 + Level 2.3 Dodging
 + Level 3.3 Stealth
 + Level 2.7 Spellcasting
 - Level 1.0 Transmutations
 - Level 0.3 Ice Magic
 + Level 4.4 Earth Magic


You had 8 spell levels left.
You knew the following spells:

 Your Spells              Type           Power      Damage    Failure   Level
a - Sandblast             Erth           32%        2d9       3%          1

Your spell library contained the following spells:

 Spells                   Type           Power      Damage    Failure   Level
 Passwall                 Tmut/Erth      8%         N/A       10%         2
 Freeze                   Ice            16%        1d4       17%         1
 Stone Arrow              Conj/Erth      18%        3d8       24%         3
 Frozen Ramparts          Ice            8%         1d2       45%         3
 Hailstorm                Conj/Ice       4%         3d4       47%         3
 Gell's Gravitas          Tloc           2%         N/A       50%         3
 Teleport Other           Tloc           2%         N/A       50%         3
 Petrify                  Tmut/Erth      10%        N/A       54%         4
 Dispersal                Tloc           1%         N/A       100%        6


Dungeon Overview and Level Annotations

Branches:
Dungeon (4/15)
 Temple: D:4-7

Altars:
Ashenzari
Sif Muna
Wu Jian

Annotations:
D:3 3 runed translucent doors, RascalDebosk's ghost, amateur DjCj


Innate Abilities, Weirdness & Mutations

You are immune to sickness and miasma.
Your stone body is resilient. (AC +4)
You are immune to poison.
You resist negative energy. (rN+)
You are resistant to electric shocks. (rElec)
You are resistant to unholy torment.
You are immune to petrification.


Message History

You hear an angry hiss.
The gnoll barely misses you.
The gnoll hits you from afar with a +0 spear.
The gnoll bouda barely misses you.
Aiming: Sandblast (safe; 3% risk of failure)
Press: ? - help, Q - select action Shift-Dir - straight line, f - gnoll, p - gnoll
Aim: a gnoll, wielding a +0 flail (84% to hit)
The blast of sand hits the gnoll!
The gnoll is heavily wounded.
The gnoll hits you but does no damage.
The gnoll hits you from afar with a +0 spear.
The gnoll closely misses you.
The gnoll hits you from afar with a +0 spear.
The gnoll bouda hits you with a +0 club.
The gnoll hits you from afar with a +0 spear.
The gnoll misses you.
The endoplasm hits you but does no damage.
The gnoll bouda hits you with a +0 club.
* * * LOW HITPOINT WARNING * * *
The gnoll hits you from afar with a +0 spear.
* * * LOW HITPOINT WARNING * * *
The gnoll hits you with a +0 flail.
* * * LOW HITPOINT WARNING * * *
The gnoll closely misses you. The endoplasm hits you.
* * * LOW HITPOINT WARNING * * *
The gnoll hits you but does no damage. The gnoll completely misses you.
The gnoll hits you but does no damage. The gnoll barely misses you.
The gnoll bouda hits you with a +0 club.
* * * LOW HITPOINT WARNING * * *
The gnoll hits you from afar with a +0 spear.
* * * LOW HITPOINT WARNING * * *
You climb upwards.
Level annotation: 3 runed translucent doors, RascalDebosk's ghost, amateur DjCj
There is a stone staircase leading down here.
It was a potion of degeneration.
There was something very wrong with that liquid.
You feel weakened.
You feel dopey.
You feel clumsy. The gnoll hits you with a +0 flail.
You die...

###....##.#..................
##.#.##.######.....~.......
#.#.##.# #.~.~~~~~...#.
#....#.######~~#~#~####...
#.......#....~~~~~~~~~#.##
####.#..^.##.###########÷####
#......##....# #.#~~~~~~#...
##.##########g####~#~#~####...
##..# #@gJ.#~#~#~~~~#...
#..######## ######~#~#~##~#...
#...#.....# #~#÷#~~#~###.
#...#♣...(# #~#~##~#~# #.
#...+W.(..# #~~~##~#~# #.
#...+....(# ###~#~~#~# ##
##..+.(...# ########
#..#...(.# #..#(..(.#


You could see a gnoll bouda, a gnoll and an endoplasm.

Vanquished Creatures
  6 adders (D:3)
  2 river rats (D:3)
  2 worms (D:3)
  2 dart slugs (D:2)
  7 ball pythons
  5 endoplasms
  2 giant cockroaches
  7 goblins
  3 hobgoblins
  A quokka (D:1)
  2 bats
  2 frilled lizards
  7 kobolds
  5 rats
53 creatures vanquished.

Notes
Turn   | Place    | Note
-------+----------+-------------------------------------------
     0 | D:1      | SexyEnough the Gargoyle Earth Elementalist began the quest
                  | for the Orb.
     0 | D:1      | Reached XP level 1. HP: 10/10 MP: 3/3
   463 | D:1      | Reached skill level 1 in Transmutations
   463 | D:1      | Reached XP level 2. HP: 15/15 MP: 1/5
  1225 | D:2      | Reached XP level 3. HP: 20/20 MP: 3/6
  1325 | D:2      | Reached skill level 4 in Earth Magic
  1643 | D:3      | Found a shimmering blue altar of Sif Muna.
  1648 | D:3      | Became a worshipper of Sif Muna the Loreminder
  1695 | D:3      | Reached skill level 1 in Fighting
  1818 | D:3      | Reached XP level 4. HP: 25/25 MP: 4/7
  1857 | D:3      | Found an ornate altar of the Wu Jian Council.
  2007 | D:3      | Found a broken altar of Ashenzari.
  2199 | D:3      | Found a runed translucent gate.
  2199 | D:3      | Found a runed translucent gate.
  2199 | D:3      | Found a runed translucent gate.
  2200 | D:3      | Noticed RascalDebosk's ghost (amateur DjCj)
  2245 | D:3      | Reached XP level 5. HP: 24/29 MP: 2/8
  2607 | D:4      | HP: 1/30 [gnoll/+0 spear[a gnoll bouda] (1)]
  2609 | D:3      | Slain by a gnoll

Illustrated notes

Levels and vault maps discovered:
D:1:      ldierk_walled_garden_2, layout_basic
D:2:      layout_loops_cross
D:3:      layout_basic, nzn_wu_jian_contemplation, lemuel_doored_altar,
          mainiacjoe_overflow_small_starburst, ebering_ghost_rock_garden,
          lightli_sewer_entry_pipes
D:4:      layout_basic, gammafunk_temple_of_torment, lemuel_round_altar,
          amcnicky_mini_corridor_feature

Skill      XL: |  1  2  3  4 |
---------------+-------------+-----
Transmutations | 1 |  1.0
Earth Magic    | 4 |  4.4
Fighting       | 1 |  1.7
Dodging        | 2 |  2.3
Stealth        | 3 |  3.3
Spellcasting   | |  2.7
Ice Magic      | |  0.3

Action                     |  1- 3 |  4- 6 || total
---------------------------+-------+-------++-------
  Melee: Unarmed           |     9 |       ||     9
         Staff             |    13 |     8 ||    21
         Whip              |     1 |       ||     1
   Cast: Sandblast         |    38 |    28 ||    66
    Use: Potion            |       |     1 ||     1
 Armour: Robe              |    16 |    12 ||    28
  Dodge: Dodged            |    19 |    21 ||    40
